 Dungeon Crawl Stone Soup version 0.28.0-53-g5a82cb258f (webtiles) character file.

Game seed: 4089477427386536149

42047 Infinimo the Warrior (level 14, -3/131 (162) HPs)
             Began as an Ogre Berserker on June 3, 2022.
             Was an Elder of Trog.
             Slain by a small abomination (11 damage)
             ... on level 6 of the Lair of Beasts.
             The game lasted 00:31:02 (23792 turns).

Infinimo the Warrior (Ogre Berserker)              Turns: 23792, Time: 00:31:02

HP:   -3/131 (162)  AC:  6    Str: 28    XL:     14   Next: 18%
MP:   14/14         EV: 17    Int:  8    God:    Trog [****..]
Gold: 883           SH:  0    Dex: 10    Spells: 13/13 levels left

rFire   . . .      SeeInvis .   B - +2 giant spiked club
rCold   . . .      Faith    +   (shield currently unavailable)
rNeg    . . .      Spirit   .   b - +0 animal skin
rPois   +          Reflect  .   n - +1 hat
rElec   .          Harm     .   f - +1 cloak of Responsibility {Dex+2}
rCorr   .          Rampage  .   (gloves unavailable)
Will    +....                   (boots unavailable)
Stlth   +.........              h - amulet of faith
HPRegen 0.31/turn               g - +4 ring of evasion
MPRegen 0.14/turn               i - ring of poison resistance

@: on berserk cooldown, slowed, heavily drained, very slow
A: large, unfitting armour, tough skin 1
a: Renounce Religion, Berserk, Trog's Hand, Brothers in Arms


You were on level 6 of the Lair of Beasts.
You worshipped Trog.
Trog was greatly pleased with you.
You visited 3 branches of the dungeon, and saw 17 of its levels.
You also visited: Gauntlet.

You collected 1123 gold pieces.
You spent 240 gold pieces at shops.

Inventory:

Hand Weapons
 B - a +2 giant spiked club (weapon)
Missiles
 e - a throwing net
 p - 9 curare-tipped darts (quivered)
 v - 41 poisoned darts
Armour
 b - a +0 animal skin (worn)
 f - the +1 cloak of Responsibility (worn) {Dex+2}
   (You found it in a Gauntlet)

   Dex:       It affects your dexterity (+2).
 n - a +1 hat (worn)
Jewellery
 a - a ring of protection from cold
 g - a +4 ring of evasion (left hand)
 h - an amulet of faith (around neck)
 i - a ring of poison resistance (right hand)
 j - a ring of protection from cold
 E - a ring of flight
 I - a ring of fire
Wands
 m - a wand of iceblast (10)
 r - a wand of mindburst (4)
 u - a wand of charming (5)
 w - a wand of flame (11)
 y - a wand of polymorph (10)
 z - a wand of paralysis (6)
Scrolls
 c - 6 scrolls of identify
 k - 3 scrolls of enchant armour
 l - 2 scrolls of teleportation
 q - a scroll of fog
 t - a scroll of enchant weapon
 G - 4 scrolls of torment
 J - a scroll of fear
 K - a scroll of acquirement {unknown}
Potions
 d - a potion of flight
 o - 9 potions of curing
 s - 6 potions of mutation
 x - 4 potions of resistance
 A - 4 potions of brilliance
 C - 2 potions of ambrosia
 D - a potion of degeneration
 F - 2 potions of magic
 H - 2 potions of heal wounds
 L - a potion of attraction {unknown}


   Skills:
 + Level 16.1 Fighting
 * Level 15.9 Maces & Flails
 + Level 11.6 Dodging


You had 13 spell levels left.
You didn't know any spells.
Your spell library was empty.

Dungeon Overview and Level Annotations

Branches:
Dungeon (10/15)            Temple (0/1) D:6            Lair (6/6) D:10
  Swamp (0/4) Lair:2        Snake (1/4) Lair:4        Slime (0/5) Lair:5
    Orc (0/2) D:9         Gauntlet (visited)

Altars:
Makhleb
Beogh
Jiyva

Shops:
D:8 !   D:10 *


Innate Abilities, Weirdness & Mutations

You are too large for most types of armour.
You have tough skin. (AC +1)


Message History

You are slowing down.
Unknown command.
Unknown command.
Unknown command.
The small abomination barely misses you.
The basilisk closely misses you. The small abomination hits you.
The basilisk bites you! The small abomination hits you.
You have turned to stone.
The small abomination hits you but does no damage.
The basilisk bites you!
The small abomination hits you but does no damage.
The basilisk bites you. The small abomination hits you!
The basilisk gazes at you. You resist with almost no effort.
The small abomination hits you! The basilisk completely misses you.
The small abomination hits you!! The small abomination hits you!
* * * LOW HITPOINT WARNING * * *
The basilisk gazes at you. You resist with almost no effort.
The small abomination hits you.
* * * LOW HITPOINT WARNING * * *
The basilisk bites you but does no damage.
You turn to flesh and can move again.
You see here a basilisk corpse.
Unknown command.
Unknown command.
You impale the basilisk!!
The basilisk is almost dead.
The small abomination misses you. The basilisk bites you!
* * * LOW HITPOINT WARNING * * *
The small abomination completely misses you.
Unknown command.
You spit the basilisk like a pig!!!
You kill the basilisk!
Trog accepts your kill. The small abomination hits you!
* * * LOW HITPOINT WARNING * * *
The small abomination hits you!
You die...

♣♣♣♣♣♣♣♣
♣♣♣......♣♣♣♣
♣♣♣....♣.††...♣♣
♣
♣♣....♣♣♣♣♣♣..@.♣
♣♣♣....♣♣
♣..♣x..♣ ♣♣...♣.♣
♣..♣♣..♣ .....♣♣♣
♣...♣ ♣... ...♣♣♣
♣...♣ ...♣ .♣♣♣
...♣♣ .♣♣♣ .♣
...♣ . .♣♣ .... .
..♣


You could see a small abomination.

Vanquished Creatures
  Rupert (Lair:5)
  A minotaur (Gauntlet)
  The ghost of Tali the Basher, a journeyman DsBe of Trog (Lair:5)
  5 hydras
  A boulder beetle (Lair:3)
  A two-headed ogre (D:10)
  Nergalle (Lair:1)
  2 large abominations (Gauntlet)
  3 skeletal warriors (D:9)
  A bog body (Lair:2)
  An oklob plant (D:10)
  14 elephants
  Joseph (D:8)
  A worldbinder (Gauntlet)
  8 black mambas
  9 cane toads
  Maggie (D:6)
  5 komodo dragons
  2 kobold demonologists
  4 rime drakes
  A hornet (D:10)
  2 slime creatures (Gauntlet)
  A dream sheep (Lair:5)
  9 blink frogs
  Grinder (D:3)
  Sigmund (D:2)
  A vampire (D:9)
  3 wraiths
  A ynoxinul (Lair:6)
  21 yaks
  3 wyverns
  5 basilisks
  3 steam dragons
  A death yak simulacrum (Lair:2)
  Menkaure (D:6)
  3 swamp worms (Lair:2)
  Edmund (D:6)
  15 water moccasins
  An ice beast (D:7)
  10 orc warriors
  2 sky beasts (D:5)
  2 black bears
  2 boggarts (Gauntlet)
  5 ogres
  3 wolves (Lair:6)
  4 centaurs
  13 kobold brigands
  14 bullfrogs
  A gnoll sergeant (D:9)
  A scorpion (D:7)
  A wyvern skeleton (D:3)
  A water moccasin zombie (D:5)
  A water moccasin skeleton (D:6)
  An elephant simulacrum (Lair:2)
  5 killer bees (D:9)
  8 wights
  3 electric eels
  2 bullfrog zombies (D:6)
  A centaur zombie (D:8)
  5 jellies
  A bullfrog skeleton (D:5)
  5 hounds
  A centaur skeleton (D:6)
  8 orc priests
  5 iguanas
  12 orc wizards
  Terence (D:2)
  6 small abominations
  2 hound skeletons
  A howler monkey zombie (D:8)
  11 gnolls (D:9)
  6 adders
  3 white imps
  An adder skeleton (D:4)
  A dart slug (D:1)
  48 orcs
  An endoplasm (D:2)
  A giant cockroach (D:4)
  14 goblins
  9 hobgoblins
  5 quokkas
  8 ball pythons
  6 bats
  3 frilled lizards
  22 kobolds
  6 rats
409 creatures vanquished.

Vanquished Creatures (others)
  A steam dragon (D:8)
  A hobgoblin (D:9)
  24 fungi
  87 plants
113 creatures vanquished.

Grand Total: 522 creatures vanquished

Notes
Turn   | Place    | Note
-------+----------+-------------------------------------------
     0 | D:1      | Infinimo the Ogre Berserker began the quest for the Orb.
     0 | D:1      | Reached XP level 1. HP: 24/24 MP: 1/1
   287 | D:1      | Reached XP level 2. HP: 32/32 MP: 2/2
   673 | D:1      | Found a faded altar of an unknown god.
   720 | D:1      | Reached XP level 3. HP: 25/40 MP: 3/3
  1258 | D:2      | Noticed Sigmund
  1507 | D:2      | Killed Sigmund
  1508 | D:2      | Reached skill level 5 in Fighting
  1508 | D:2      | Reached XP level 4. HP: 50/50 MP: 4/4
  1508 | D:2      | Reached XP level 5. HP: 57/57 MP: 5/5
  1634 | D:2      | Noticed Terence
  1643 | D:2      | Killed Terence
  1803 | D:2      | Reached XP level 6. HP: 66/66 MP: 6/6
  1848 | D:2      | Reached ** piety under Trog
  2651 | D:3      | Noticed Grinder
  2665 | D:3      | Paralysed by Grinder for 7 turns
  2674 | D:3      | Paralysed by Grinder for 4 turns
  2695 | D:3      | Killed Grinder
  2696 | D:3      | Reached skill level 6 in Fighting
  2696 | D:3      | Reached skill level 5 in Maces & Flails
  2696 | D:3      | Reached XP level 7. HP: 31/75 MP: 7/7
  3920 | D:5      | Entered Level 5 of the Dungeon
  4278 | D:5      | Reached XP level 8. HP: 84/84 MP: 8/8
  4321 | D:5      | Reached skill level 7 in Fighting
  4507 | D:5      | Reached skill level 5 in Dodging
  4901 | D:5      | Reached skill level 8 in Fighting
  5430 | D:6      | Noticed Maggie
  5437 | D:6      | Killed Maggie
  5438 | D:6      | Reached XP level 9. HP: 97/97 MP: 9/9
  5583 | D:6      | Noticed Menkaure
  5588 | D:6      | Killed Menkaure
  5672 | D:6      | Found a staircase to the Ecumenical Temple.
  5961 | D:6      | Reached *** piety under Trog
  5964 | D:6      | Reached skill level 9 in Fighting
  6285 | D:6      | Noticed Edmund
  6292 | D:6      | Killed Edmund
  6403 | D:7      | Identified the +0 pair of boots of Vexation {rElec rF- rC+}
  7504 | D:7      | Found a burning altar of Makhleb.
  7741 | D:8      | Found Beiling's Distillery.
  7756 | D:8      | Bought a potion of haste for 150 gold pieces
  7756 | D:8      | Bought a potion of curing for 45 gold pieces
  7917 | D:8      | Reached XP level 10. HP: 100/110 MP: 10/10
  8009 | D:8      | Reached skill level 10 in Fighting
  8146 | D:8      | Noticed Joseph
  8167 | D:8      | Killed Joseph
  8307 | D:8      | Noticed a kobold demonologist
  8315 | D:8      | Reached skill level 10 in Maces & Flails
  8327 | D:8      | Killed a kobold demonologist
  9610 | D:9      | Reached **** piety under Trog
  9818 | D:9      | Reached skill level 11 in Fighting
 10404 | D:9      | Reached XP level 11. HP: 78/120 MP: 11/11
 10685 | D:9      | Found a staircase to the Orcish Mines.
 10865 | D:9      | Noticed a skeletal warrior
 10865 | D:9      | Noticed a skeletal warrior
 10885 | D:9      | Killed a skeletal warrior
 10893 | D:9      | Killed a skeletal warrior
 11038 | D:9      | Noticed a skeletal warrior
 11057 | D:9      | Killed a skeletal warrior
 11178 | D:9      | Reached ***** piety under Trog
 11344 | D:9      | Noticed a lindwurm
 11344 | D:9      | Noticed a lindwurm
 11635 | D:9      | Reached skill level 12 in Fighting
 11731 | D:9      | Noticed a lindwurm
 11741 | D:9      | Noticed a lindwurm
 11878 | D:10     | Entered Level 10 of the Dungeon
 12315 | D:10     | Found a staircase to the Lair.
 12315 | D:10     | Noticed an oklob plant
 12447 | D:10     | Killed an oklob plant
 12720 | D:10     | Noticed a two-headed ogre
 12730 | D:10     | Killed a two-headed ogre
 12891 | D:10     | Found Suannidd's General Store.
 12898 | D:10     | Bought a potion of curing for 45 gold pieces
 13195 | Lair:1   | Entered Level 1 of the Lair of Beasts
 13245 | Lair:1   | Reached XP level 12. HP: 120/133 MP: 12/12
 13632 | Lair:1   | Noticed an eight-headed hydra
 13652 | Lair:1   | Killed an eight-headed hydra
 13653 | Lair:1   | Reached skill level 13 in Fighting
 13979 | Lair:1   | Noticed Nergalle
 13983 | Lair:1   | Killed Nergalle
 14728 | Lair:2   | Noticed a four-headed hydra
 14732 | Lair:2   | Killed a four-headed hydra
 14960 | Lair:2   | Identified the +5 hand axe of Valour {pain, Str+4 Int-2
                  | SInv}
 15410 | Lair:2   | Noticed a six-headed hydra
 15414 | Lair:2   | Killed a six-headed hydra
 15415 | Lair:2   | Reached skill level 10 in Dodging
 15420 | Lair:2   | Reached skill level 14 in Fighting
 15946 | Lair:2   | Found a staircase to the Swamp.
 16857 | Lair:3   | Found a gate leading to a gauntlet.
 16866 | Gauntlet | Entered a Gauntlet
 16866 | Gauntlet | Found a transporter.
 16892 | Gauntlet | Found a transporter.
 16907 | Gauntlet | Found a transporter.
 16912 | Gauntlet | Found a transporter.
 16921 | Gauntlet | Noticed an eight-headed hydra
 16927 | Gauntlet | Found a transporter.
 16946 | Gauntlet | Found a transporter.
 16954 | Gauntlet | Found a large runed translucent door.
 16955 | Gauntlet | Found a large runed translucent door.
 16956 | Gauntlet | Found a large runed translucent door.
 16956 | Gauntlet | Found a large runed translucent door.
 16957 | Gauntlet | Found a runed translucent gate.
 16958 | Gauntlet | Found a transporter.
 16958 | Gauntlet | Found a runed translucent gate.
 16959 | Gauntlet | Found a runed translucent gate.
 16960 | Gauntlet | Found a large runed translucent door.
 16960 | Gauntlet | Found a large runed translucent door.
 16960 | Gauntlet | Found a runed translucent door.
 16960 | Gauntlet | Found a runed translucent door.
 16961 | Gauntlet | Found a large runed translucent door.
 16962 | Gauntlet | Found a large runed translucent door.
 16964 | Gauntlet | Found a transporter.
 16969 | Gauntlet | Found a large runed translucent door.
 16969 | Gauntlet | Found a large runed translucent door.
 16970 | Gauntlet | Found a large runed translucent door.
 16971 | Gauntlet | Found a large runed translucent door.
 16979 | Gauntlet | Found a transporter.
 16980 | Gauntlet | Found the +7 great mace "Undeadhunter" {disrupt, rN+}
 16981 | Gauntlet | Found a large runed translucent door.
 16981 | Gauntlet | Found a large runed translucent door.
 16982 | Gauntlet | Found a large runed translucent door.
 16983 | Gauntlet | Found a large runed translucent door.
 16998 | Gauntlet | Found a transporter.
 17004 | Gauntlet | Found a transporter.
 17015 | Gauntlet | Noticed a death scarab
 17019 | Gauntlet | Found a transporter.
 17022 | Gauntlet | Noticed a death scarab
 17040 | Gauntlet | Found a transporter.
 17055 | Gauntlet | Found a transporter.
 17082 | Gauntlet | Found a transporter.
 17082 | Gauntlet | Found a transporter.
 17146 | Gauntlet | Noticed a deep elf knight
 17146 | Gauntlet | Noticed a deep elf knight
 17147 | Gauntlet | Noticed a soul eater
 17209 | Gauntlet | Found a transporter.
 17220 | Gauntlet | Found a transporter.
 17360 | Gauntlet | Reached XP level 13. HP: 59/148 MP: 13/13
 17714 | Gauntlet | Identified the +1 cloak of Responsibility {Dex+2}
 17740 | Gauntlet | Noticed a minotaur
 17769 | Gauntlet | Killed a minotaur
 18508 | Lair:3   | Received a gift from Trog
 19514 | Lair:4   | Found a staircase to the Snake Pit.
 19704 | Lair:4   | Reached skill level 15 in Fighting
 20256 | Lair:5   | Reached skill level 15 in Maces & Flails
 20532 | Snake:1  | Entered Level 1 of the Snake Pit
 21123 | Lair:5   | Noticed Tali's ghost (journeyman DsBe)
 21136 | Lair:5   | Found a runed translucent gate.
 21136 | Lair:5   | Found a runed translucent gate.
 21136 | Lair:5   | Found a runed translucent gate.
 21782 | Lair:5   | Found a staircase to the Slime Pits.
 21783 | Lair:5   | Found a viscous altar of Jiyva.
 22055 | Lair:5   | Noticed Rupert
 22066 | Lair:5   | Killed Rupert
 22067 | Lair:5   | Reached XP level 14. HP: 161/161 MP: 14/14
 23345 | Lair:5   | Reached skill level 16 in Fighting
 23374 | Lair:5   | Killed Tali's ghost
 23610 | Lair:6   | Entered Level 6 of the Lair of Beasts
 23792 | Lair:6   | Slain by a small abomination

Illustrated notes

Levels and vault maps discovered:
D:1:      minmay_arrival_plants_in_alcoves, layout_basic,
          shapermc_ecumenical_altar_mp_urbaneastern, minmay_3d_cube
D:2:      layout_loops_ring, minmay_distorted, uniq_terence, uniq_sigmund
D:3:      layout_basic, uniq_grinder
D:4:      layout_rooms
D:5:      layout_basic, corner_web_ring
D:6:      layout_basic, minmay_temple_entry_offerings, uniq_menkaure,
          uniq_maggie, uniq_edmund
D:7:      layout_layer_cave, mainiacjoe_overflow_six_doors_small
D:8:      layout_basic, serial_shops, shop_fountains, special_room
          [special_room_kobold], uniq_joseph
D:9:      kennysheep_housing_project, layout_basic, david_orc_3, enter_bailey_5,
          special_room [special_room_orc], minmay_lindwurm_lava
D:10:     layout_roguey, dpeg_oklobed_lair, serial_shops, shop, dk_vineyard_3,
          grunt_ministairs_6
Lair:1:   layout_gridlike, uniq_nergalle
Lair:2:   layout_concentric_octagons, nicolae_swamp_entry_splash_gauntlet,
          portal_ice_cave_entry_ice_simulacra
Lair:3:   layout_chaotic_city, gauntlet_entry_generic,
          hangedman_lair_unloving_vines, grunt_megastairs_5
Lair:4:   layout_cave_shapes, minmay_snake_entry_six_corridors,
          serial_bayou_ford_a, minmay_stone_trees_medium, lemuel_fruit_tree
Lair:5:   layout_cave_pods, slime_altar_1, gammafunk_ghost_split,
          grunt_megastairs_3, serial_bayou_shore_a, uniq_rupert
Lair:6:   hellmonk_lair_end_abyssal_woods, layout_big_grid,
          dreamdust_deal_with_the_devil, minivault_19,
          nicolae_lair_liquid_snakes
Snake:1:  layout_grid_maze, uniq_kirke

Skill      XL: |  1  2  3  4  5  6  7  8  9 10 11 12 13 14 |
---------------+-------------------------------------------+-----
Maces & Flails | 3 4 5 6 8 9 11 12 14 15 | 15.9
Dodging        | 3 4 6 8 9 10 11 | 11.6
Fighting       | 5 6 8 9 11 12 14 15 16 | 16.1

Action                   |  1- 3 |  4- 6 |  7- 9 | 10-12 | 13-15 || total
-------------------------+-------+-------+-------+-------+-------++-------
Melee: Mace              |    88 |    56 |   161 |       |       ||   305
       Punch             |       |     1 |     2 |       |       ||     3
       Morningstar       |       |       |    75 |       |       ||    75
       Dire flail        |       |       |    69 |   544 |       ||   613
       Giant spiked club |       |       |       |   162 |   340 ||   502
Invok: Berserk           |     4 |     4 |    13 |    32 |    15 ||    68
  Use: Potion            |       |     1 |       |     4 |     4 ||     9
       Scroll            |       |       |     9 |    18 |     2 ||    29
 Stab: Sleeping          |       |     1 |       |       |       ||     1
Armor: Animal skin       |    30 |    15 |    71 |   191 |    70 ||   377
Dodge: Dodged            |    54 |    40 |   211 |   487 |   349 ||  1141
